 Dungeon Crawl Stone Soup version 0.17-a0-1-g1f4be75 (console) character file.

7203 Liam the Thaumaturge (level 10, -4/66 HPs)
             Began as a Deep Elf Conjurer on Mar 8, 2015.
             Was an Elder of Vehumet.
             Shot with an arrow by a centaur warrior (19 damage)
             ... in a volcano on Mar 10, 2015.
             The game lasted 00:38:43 (11221 turns).

Liam the Thaumaturge (Deep Elf Conjurer)           Turns: 11221, Time: 00:38:44

Health: -4/66      AC:  5    Str:  5    XL:     10   Next: 87%
Magic:  36/36      EV: 17    Int: 29    God:    Vehumet [****..]
Gold:   442        SH:  0    Dex: 15    Spells: 4 memorised, 20 levels left

rFire  . . .     SeeInvis .     t - +2 dagger
rCold  . . .     Clarity  .     a - +0 robe
rNeg   . . .     SustAb   .     (no shield)
rPois  .         Gourm    .     i - +2 hat {Int+3}
rElec  .         Spirit   .     d - +0 cloak
rCorr  .         Warding  .     (no gloves)
rMut   .         Stasis   .     (no boots)
MR     +....                    (no amulet)
Stlth  ++........               C - +2 ring of intelligence
                                g - +4 ring of evasion

@: somewhat resistant to hostile enchantments, unstealthy
A: high mp 1, robust 1, forlorn
a: Renounce Religion


You were in a volcano.
You worshipped Vehumet.
Vehumet was greatly pleased with you.
You were not hungry.

You visited 3 branches of the dungeon, and saw 12 of its levels.
You also visited: Ossuary and Volcano.

You collected 442 gold pieces.

Inventory:

Hand weapons
 t - a +2 dagger (weapon)
Armour
 a - a +0 robe (worn)
 d - a +0 cloak (worn)
 i - a +2 hat of intelligence (worn)
Jewellery
 g - a +4 ring of evasion (left hand)
 w - an uncursed ring of positive energy
 C - a +2 ring of intelligence (right hand)
Magical devices
 q - a wand of flame (20)
 u - a wand of flame (12)
 y - a wand of lightning (12)
 z - a wand of draining (7)
 D - a wand of magic darts (16)
Scrolls
 e - 5 scrolls of teleportation
 k - 9 scrolls of identify
 l - 8 scrolls of remove curse
 m - a scroll of recharging
Potions
 f - 4 potions of curing
 h - a potion of brilliance
 j - 2 potions of haste
 n - a potion of might
 p - a potion of ambrosia
 r - a potion of mutation
 s - 2 potions of invisibility
 F - 4 potions of heal wounds
Books
 c - a book of Conjurations

   Spells                             Type                      Level
   a - Magic Dart                     Conjuration                  1
   b - Searing Ray                    Conjuration                  2
   c - Dazzling Spray                 Conjuration/Hexes            3
   d - Fulminant Prism                Conjuration/Hexes            4
   e - Iskenderun's Mystic Blast      Conjuration                  4
   f - Iskenderun's Battlesphere      Conjuration/Charms           5
 x - a book of Transfigurations

   Spells                             Type                      Level
   a - Stoneskin                      Transmutation/Earth          2
   b - Irradiate                      Conjuration/Transmutation    5
   c - Statue Form                    Transmutation/Earth          6
   d - Hydra Form                     Transmutation                6
   e - Dragon Form                    Transmutation                7
 B - a book of Battle

   Spells                             Type                      Level
   a - Infusion                       Charms                       1
   b - Shroud of Golubria             Charms/Translocation         2
   c - Song of Slaying                Charms                       2
   d - Spectral Weapon                Hexes/Charms                 3
   e - Regeneration                   Charms/Necromancy            3
Comestibles
 b - 5 bread rations
 o - 5 meat rations
 v - 21 fruits


   Skills:
 + Level 5.8 Fighting
 - Level 2.5 Dodging
 - Level 2.4 Stealth
 + Level 12.2 Spellcasting
 + Level 11.3 Conjurations
 - Level 5.0 Charms
 + Level 7.3 Necromancy


You had 20 spell levels left.
You knew the following spells:

 Your Spells              Type           Power        Failure   Level  Hunger
a - Magic Dart            Conj           ####         1%          1    None
i - Iskenderun's Mystic   Conj           ######..     1%          4    None
p - Iskenderun's Battles  Conj/Chrm      ######..     1%          5    ##.....
r - Regeneration          Chrm/Necr      ######....   1%          3    None


Dungeon Overview and Level Annotations

Branches:
Dungeon (10/15)            Temple (1/1) D:6            Lair (1/8) D:10
    Orc (0/4) D:9

Altars:
Ashenzari
Cheibriados
Dithmenos
Elyvilon
Fedhas
Gozag
Kikubaaqudgha
Makhleb
Nemelex Xobeh
Okawaru
Qazlal
Ru
Sif Muna
Trog
Vehumet
Xom
Yredelemnul
Zin
The Shining One
Lugonu

Shops:
D:4 (   D:6 (


Innate Abilities, Weirdness & Mutations

You have an increased reservoir of magic (+10% MP).
You are robust (+10% HP).
You have difficulty communicating with the divine.


Message History

Found a bloodstained altar of Trog.
There isn't anything here!
You close the door.
A centaur opens the door.
The yaktaur shoots a bolt of flame.
The bolt of flame hits you!! The bolt of flame burns you.
Eat which item? (? for menu, Esc to quit)
Okay, then.
Drink which item? (? for menu, Esc to quit)
Okay, then.
Read which item? (? for menu, Esc to quit)
Okay, then.
Unknown command.
Drink which item? (? for menu, Esc to quit)
You feel better.
The centaur warrior shoots an arrow.
The arrow hits you!
* * * LOW HITPOINT WARNING * * *
The arrow burns you.
* * * LOW HITPOINT WARNING * * *
The centaur shoots an arrow of flame.
The arrow of flame closely misses you.
The centaur warrior shoots an arrow.
The arrow hits you!!
You die...

≈ ≈≈ ####### +..c..+ .8c8c c..
≈§ ≈§≈≈.# #'# ≈≈≈≈§§..# #@#
≈≈≈§§≈≈.# #.# ≈≈≈≈§≈..# #.#
≈≈≈§§≈≈.# #.# ≈≈≈§§≈..# #.#
≈§§≈≈≈..# #.# §
≈§≈≈§≈≈.########(########.≈≈§§
...§≈....................§.§§§
≈§≈..≈≈≈§≈≈.§.≈≈§≈.§≈.≈.≈≈≈§§§


You could see a centaur warrior, 2 yaktaurs and a centaur.

Vanquished Creatures
  A hill giant (D:9)
  A komodo dragon (Lair:1)
  Grinder (D:3)
  A basilisk (Lair:1)
  4 yaks (D:9)
  A fire bat (Volcano)
  A wraith (D:10)
  2 hippogriffs
  3 hungry ghosts (D:9)
  Menkaure (D:5)
  A water moccasin (D:5)
  3 ogres
  2 orc warriors
  4 sky beasts
  An eye of draining (D:9)
  A black bear (D:8)
  3 ice beasts
  A necrophage (D:7)
  3 phantoms
  A centaur (D:9)
  2 big kobolds
  4 giant frogs
  Blork the orc (D:8)
  4 killer bees (D:9)
  A scorpion (D:6)
  A troll zombie (D:9)
  4 wights (D:8)
  2 lava snakes (Volcano)
  7 crimson imps
  2 centaur zombies
  A quasit (D:9)
  4 hounds
  3 human zombies (Ossuary)
  5 orc priests
  5 orc wizards
  4 iguanas
  7 worker ants
  7 sheep (Lair:1)
  A big kobold zombie (Ossuary)
  5 ogre zombies (D:9)
  A hound zombie (D:9)
  3 mummies
  A worker ant zombie (D:9)
  Robin (D:2)
  12 adders
  2 shadow imps
  A giant mite (D:3)
  3 worms
  An adder zombie (Ossuary)
  2 adder skeletons
  4 giant geckos
  25 orcs
  4 giant cockroaches
  17 goblins
  23 hobgoblins
  16 jackals
  18 kobolds
  4 quokkas
  2 ball pythons
  A ball python skeleton (D:4)
  15 bats
  A giant gecko zombie (D:6)
  4 giant newts
  3 giant spores
  A goblin skeleton (D:9)
  4 goblin zombies
  2 hobgoblin skeletons (D:9)
  8 hobgoblin zombies
  A jackal skeleton (D:8)
  3 jackal zombies
  10 kobold zombies (Ossuary)
  3 orc skeletons (D:9)
  18 orc zombies
  A quokka skeleton (D:4)
  20 rats
  A rat zombie (Ossuary)
  A spectral orc (D:5)
  4 ballistomycetes
347 creatures vanquished.

Vanquished Creatures (others)
  An adder (D:5)
  3 fungi
4 creatures vanquished.

Grand Total: 351 creatures vanquished

Notes
Turn   | Place    | Note
--------------------------------------------------------------
     0 | D:1      | Liam, the Deep Elf Conjurer, began the quest for the Orb.
     0 | D:1      | Reached XP level 1. HP: 10/10 MP: 5/5
   125 | D:1      | Reached XP level 2. HP: 15/15 MP: 0/8
   297 | D:1      | Reached skill level 5 in Conjurations
   743 | D:2      | Reached XP level 3. HP: 19/19 MP: 8/11
  1002 | D:2      | Noticed Robin
  1224 | D:2      | Found a white marble altar of Elyvilon.
  1260 | D:2      | Reached XP level 4. HP: 20/24 MP: 11/15
  1573 | D:2      | Killed Robin
  1638 | D:2      | Found a white marble altar of Elyvilon.
  1887 | D:3      | Found a radiant altar of Vehumet.
  1906 | D:3      | Noticed Grinder
  1911 | D:3      | Became a worshipper of Vehumet
  1972 | D:3      | Reached skill level 6 in Conjurations
  2153 | D:3      | Reached XP level 5. HP: 26/28 MP: 14/18
  2174 | D:3      | Reached skill level 5 in Spellcasting
  2256 | D:2      | Learned a level 4 spell: Iskenderun's Mystic Blast
  2262 | D:2      | Learned a level 5 spell: Iskenderun's Battlesphere
  2308 | D:3      | Found a burning altar of Makhleb.
  2453 | D:3      | Paralysed by Grinder for 6 turns
  2459 | D:3      | Killed Grinder
  2459 | D:3      | Reached skill level 7 in Conjurations
  2459 | D:3      | Reached XP level 6. HP: 21/32 MP: 8/22
  2690 | D:3      | Found a bloodstained altar of Trog.
  2798 | D:4      | Acquired Vehumet's first power
  2798 | D:4      | Offered knowledge of Flame Tongue by Vehumet.
  2995 | D:4      | Found Ucehy's Weapon Shop.
  3129 | D:4      | Reached XP level 7. HP: 36/36 MP: 9/25
  3541 | D:5      | Entered Level 5 of the Dungeon
  3605 | D:5      | Found a white marble altar of Elyvilon.
  3691 | D:5      | Reached skill level 8 in Conjurations
  3804 | D:5      | Found a stormy altar of Qazlal.
  4109 | D:5      | Offered knowledge of Shock by Vehumet.
  4338 | D:5      | Noticed Menkaure
  4341 | D:5      | Killed Menkaure
  4341 | D:5      | Reached skill level 1 in Fighting
  4341 | D:5      | Reached skill level 1 in Charms
  4341 | D:5      | Reached XP level 8. HP: 41/43 MP: 17/27
  4355 | D:5      | Found a shattered altar of Ashenzari.
  4581 | D:5      | Found a basalt altar of Yredelemnul.
  4699 | D:6      | Found a glowing silver altar of Zin.
  4825 | D:6      | Reached skill level 9 in Spellcasting
  5035 | D:6      | Found Stourr's Weapon Emporium.
  5046 | D:6      | Found a sparkling altar of Nemelex Xobeh.
  5154 | D:6      | Found a staircase to the Ecumenical Temple.
  5347 | D:6      | Found a sacrificial altar of Ru.
  5354 | D:6      | Found an ancient bone altar of Kikubaaqudgha.
  5360 | D:6      | Found a shimmering altar of Xom.
  5973 | D:7      | Offered knowledge of Mephitic Cloud by Vehumet.
  6117 | D:7      | Learned a level 3 spell: Regeneration
  6236 | Temple   | Entered the Ecumenical Temple
  6361 | D:8      | Reached skill level 5 in Charms
  6414 | D:8      | Reached skill level 1 in Necromancy
  6478 | D:8      | Acquired Vehumet's second power
  6515 | D:8      | Reached XP level 9. HP: 49/49 MP: 14/29
  6522 | D:8      | Found a sand-covered staircase.
  6527 | Ossuary  | Entered an ossuary
  6742 | Ossuary  | Offered knowledge of Sticky Flame by Vehumet.
  6943 | Ossuary  | Acquired Vehumet's third power
  7122 | D:8      | Reached skill level 10 in Spellcasting
  7276 | D:8      | Found an iron altar of Okawaru.
  7282 | D:8      | Offered knowledge of Lightning Bolt by Vehumet.
  7867 | D:8      | Noticed Blork the orc
  7870 | D:8      | Killed Blork the orc
  7957 | D:9      | Reached skill level 10 in Conjurations
  8417 | D:9      | Offered knowledge of Bolt of Draining by Vehumet.
  8653 | D:9      | Found a staircase to the Orcish Mines.
  8655 | D:9      | Reached skill level 5 in Necromancy
  8676 | D:9      | Reached skill level 11 in Spellcasting
  8756 | D:9      | Reached XP level 10. HP: 58/58 MP: 2/32
  8923 | D:9      | Noticed a hill giant
  8930 | D:9      | Killed a hill giant
  9652 | D:9      | Reached skill level 5 in Fighting
  9751 | D:9      | Found a deep blue altar of Sif Muna.
 10450 | D:9      | Gained mutation: You have an increased reservoir of magic (+10% MP). [potion of mutation]
 10450 | D:9      | Gained mutation: You have difficulty communicating with the divine. [potion of mutation]
 10450 | D:9      | Gained mutation: You are robust (+10% HP). [potion of mutation]
 10464 | D:10     | Entered Level 10 of the Dungeon
 10482 | D:10     | Found a staircase to the Lair.
 10536 | D:10     | Noticed a wizard
 10545 | D:10     | Noticed a manticore
 10553 | Lair:1   | Entered Level 1 of the Lair of Beasts
 10616 | Lair:1   | Reached skill level 12 in Spellcasting
 10907 | Lair:1   | Found a dark tunnel.
 11020 | Volcano  | Entered a volcano
 11219 | Volcano  | Found a bloodstained altar of Trog.
 11219 | Volcano  | Noticed a centaur warrior
 11221 | Volcano  | Shot with an arrow by a centaur warrior

Action                   |  1- 3 |  4- 6 |  7- 9 | 10-12 || total
-------------------------+-------+-------+-------+-------++-------
Melee: Unarmed           |       |       |     2 |       ||     2
       Dagger            |       |       |     6 |    48 ||    54
 Cast: Magic Dart        |    84 |   111 |   365 |    95 ||   655
       Iskenderun's Myst |       |    11 |   118 |    72 ||   201
       Regeneration      |       |       |     1 |       ||     1
       Iskenderun's Batt |       |       |     3 |     7 ||    10
  Use: Scroll            |       |       |     8 |       ||     8
       Potion            |       |       |    11 |     2 ||    13
  Eat: Chunk             |     1 |     3 |    16 |     7 ||    27
       Bread ration      |       |     1 |       |       ||     1
       Fruit             |       |       |     1 |     2 ||     3
